Map: Acropolis LE

Players

Smeeeger

  • Race: Zerg Zerg
  • League: Platinum
  • Spawn Location: 11:00

contralogic - Winner!

  • Race: Terran Terran
  • League: Platinum
  • Spawn Location: 5:00

VOD

Have the link to the VOD?

Description

Time

  • Played on: July 13, 2019, 9:32 p.m.
  • Length: 5:28
Show
View Real Time Build Order
Export as new Build Order

Smeeeger Zerg 

Build Orders: Hatch First 

Get SALT Encoding   

  12  0:01  Drone  
  13  0:14  Overlord  
  13  0:19  Drone  
  14  0:32  Drone x2  
  16  0:42  Drone  
  17  0:56  Hatchery  
  16  1:06  Spawning Pool  
  16  1:10  Drone  
  16  1:17  Drone  
  17  1:19  Drone  
  17  1:22  Drone  
  19  1:32  Extractor  
  18  1:35  Drone  
  19  1:43  Overlord  
  19  1:52  Queen  
  21  2:00  Overlord  
  21  2:05  Zergling x2  
  23  2:08  Zergling x2  
  23  2:10  Queen  
  23  2:15  Drone  
  27  2:30  Drone x2  
  27  2:31  Drone  
  27  2:34  Queen  
  31  2:45  Drone, Queen  
  31  2:46  Overlord  
  31  2:49  Metabolic Boost  
  34  2:55  Zergling x2  
  34  2:58  Drone  
  36  3:01  Overlord  
  36  3:09  Drone x3  
  36  3:11  Drone  
  40  3:30  Hatchery  
  39  3:45  Drone x5  
  44  3:51  Drone  
  44  3:52  Drone, Overlord x2  
  44  3:53  Extractor  
  44  3:54  Drone, Extractor  
  44  4:11  Drone x2  
  44  4:12  Drone x2, Evolution Chamber  
  44  4:13  Drone x3  
  44  4:14  Drone  
  51  4:20  Spore Crawler  
  51  4:21  Spore Crawler  
  51  4:23  Drone  
  50  4:26  Drone  
  50  4:28  Drone x2  
  53  4:38  Evolution Chamber  
  52  4:39  Drone  
  52  4:40  Drone, Evolution Chamber  
  45  4:55  Drone  
  45  4:56  Drone x6  
  45  4:57  Drone  
  50  5:08  Spore Crawler  
  49  5:14  Drone  
  49  5:15  Spore Crawler, Drone x2  
Show
View Real Time Build Order
Export as new Build Order

contralogic Terran - Winner!

Build Orders: Liberator Opening 

Get SALT Encoding   

  12  0:10  Supply Depot  
  12  0:13  SCV  
  13  0:25  SCV  
  14  0:33  Barracks  
  14  0:37  SCV  
  15  0:44  Refinery  
  15  0:49  SCV  
  16  0:55  Refinery  
  16  1:01  SCV  
  17  1:13  SCV  
  18  1:20  Marine  
  18  1:21  Supply Depot  
  19  1:28  Orbital Command  
  19  1:38  Marine  
  20  1:54  SCV  
  21  1:55  Factory  
  21  1:56  Marine  
  22  2:08  SCV  
  23  2:14  Marine  
  24  2:20  SCV  
  25  2:32  Marine, Bunker, SCV  
  27  2:40  Factory Reactor  
  27  2:41  Supply Depot  
  27  2:44  Starport  
  27  2:45  SCV  
  27  2:50  Marine  
  29  2:57  SCV  
  30  3:02  Bunker  
  30  3:07  Marine  
  30  3:09  SCV  
  30  3:12  Liberator x2  
  32  3:24  Supply Depot  
  32  3:25  Marine  
  39  3:45  Marine, SCV  
  41  3:52  Supply Depot, Factory Tech Lab  
  41  3:55  Liberator  
  41  3:57  Liberator  
  41  4:09  Marine  
  42  4:10  SCV  
  49  4:30  Marine, Command Center  
  50  4:31  SCV  
  50  4:38  Cyclone  
  54  4:49  Marine  
  55  4:59  SCV  
  53  5:00  Supply Depot  
  53  5:06  Marine  
  54  5:08  Supply Depot  
Tags
 
Add a new tag
Caveats
  • Supply blocks, unpowered buildings, or Contaminate may cause inaccurate times.
  • Supply counts are checked every 10 seconds.